 Dungeon Crawl Stone Soup version 0.26.1-11-gd32895ea62 (webtiles) character file.

Game seed: 7181681857277210233

2361 Tirrikindir the Carver (level 9, -4/59 HPs)
             Began as an Octopode Fighter on June 8, 2021.
             Slain by a gnoll
             ... wielding a +0 spear
              (11 damage)
             ... on level 7 of the Dungeon.
             The game lasted 00:15:53 (7732 turns).

Tirrikindir the Carver (Octopode Fighter)           Turns: 7732, Time: 00:15:53

Health: -4/59      AC:  1    Str: 17    XL:     9   Next: 44%
Magic:  9/9        EV: 14    Int: 10    God:
Gold:   258        SH: 10    Dex: 13    Spells: 8/8 levels left

rFire    . . .     SeeInvis .   a - +4 long sword
rCold    + . .     Faith    .   b - +0 kite shield
rNeg     . . .     Spirit   .   (helmet restricted)
rPois    .         Reflect  .   u - amulet of regeneration
rElec    .         Harm     .   i - ring of wizardry
rCorr    .         Rampage  .   f - ring of flight
Will     .....                  D - ring of protection from cold
Stlth    +++++.....             (no ring)
HPRegen  0.59/turn              (no ring)
MPRegen  0.11/turn              (no ring)
                                (no ring)
                                (no ring)

@: no status effects
A: almost no armour, stealthy swim, amphibious, 8 rings, constrict 8, camouflage
1, gelatinous body 1
a: Evoke Flight


You were on level 7 of the Dungeon.
You visited 1 branch of the dungeon, and saw 7 of its levels.

You collected 411 gold pieces.
You spent 153 gold pieces at shops.

Inventory:

Hand Weapons
 a - a +4 long sword (weapon)
 t - a +0 short sword of speed
Missiles
 g - 49 poisoned darts (quivered)
Armour
 b - a +0 kite shield (worn)
Jewellery
 f - a ring of flight (right tentacle)
 i - a ring of wizardry (left tentacle)
 u - an amulet of regeneration (around mantle)
 D - a ring of protection from cold (on tentacle)
Wands
 j - a wand of enslavement (12)
 y - a wand of paralysis (14)
Scrolls
 e - 3 scrolls of immolation
 p - 2 scrolls of fear
 q - 4 scrolls of teleportation
 s - a scroll of blinking
 w - 2 scrolls of remove curse
 z - a scroll of fog
Potions
 c - a potion of brilliance
 d - 3 potions of curing
 h - 2 potions of ambrosia
 m - a potion of mutation {unknown}
 n - a potion of haste {unknown}
 o - 6 potions of flight {unknown}
 r - 2 potions of degeneration {unknown}
 v - a potion of magic {unknown}
 x - a potion of cancellation {unknown}
 A - 2 potions of berserk rage {unknown}


   Skills:
 + Level 4.6 Fighting
 * Level 8.7 Long Blades
 - Level 2.0 Throwing
 * Level 5.2 Dodging
 + Level 5.2 Stealth
 * Level 5.2 Shields
 + Level 3.1 Evocations


You had 8 spell levels left.
You didn't know any spells.
Your spell library contained the following spells:

 Spells                   Type           Power        Failure   Level
 Summon Small Mammal      Summ           0%           45%         1


Dungeon Overview and Level Annotations

Branches:
Dungeon (7/15)
 Temple: D:4-7

Altars:
Sif Muna

Shops:
D:6 (*?[

Annotations:
D:3 3 runed translucent doors, Pepete's ghost, amateur TeCj; Tirrikindir's ghost, amateur OpFi; bigdumb's ghost, amateur SpTm; oc3rt's ghost, amateur KoHu


Innate Abilities, Weirdness & Mutations

You cannot wear most types of armour.
You are very stealthy in the water. (Stealth+)
You are amphibious.
You can wear up to eight rings at the same time.
You can use your tentacles to constrict eight enemies at once.
Your skin changes colour to match your surroundings (Stealth+).
Your rubbery body absorbs attacks. (AC +1, EV +1)


Message History

You squeeze the gnoll, but do no damage.
You constrict the gnoll. The gnoll barely misses you. x2
You hit the gnoll.
The gnoll is heavily wounded.
You constrict the gnoll. You block the gnoll's attack. x2
You slash the gnoll!
You kill the gnoll!
You hear a splash.
You block the gnoll's attack. The gnoll hits you with a +0 spear!
* * * LOW HITPOINT WARNING * * *
The gnoll closely misses you.
Things that are here:
a +0 halberd; a +0 whip; a sky beast corpse You barely miss the gnoll.
You grab the gnoll. You constrict the gnoll. The gnoll barely misses you.
You riposte.
You slash the gnoll! You squeeze the gnoll.
You kill the gnoll!
The gnoll hits you from afar with a +0 spear!
You die...

.............# .?# ##.
.#..........## ..##...
#...g.....^.. .......
......≈....# .......
#..........# .......
#.........## .......
#..........###.......
#...........#...........
..........g)@#.........##.
....#.......#.............
..#......................
. #.#...##.#..)..........
..###..######.###....# ..
#... ##.......# .....
#.......## #.# ##.#.....#
#.##.........


You could see a gnoll.

Vanquished Creatures
  Sigmund (D:4)
  Edmund (D:4)
  Duvessa (D:5)
  2 sky beasts
  A phantom (D:6)
  3 centaurs (D:6)
  3 ogres
  4 bullfrogs
  Dowan (D:5)
  A scorpion (D:4)
  A howler monkey (D:6)
  A hound (D:6)
  5 orc priests
  A bullfrog skeleton (D:5)
  7 orc wizards
  Jessica (D:2)
  2 iguanas (D:5)
  4 worker ants
  6 gnolls
  5 adders
  A white imp (D:7)
  3 oozes
  An adder zombie (D:2)
  2 adder skeletons (D:4)
  A worm (D:3)
  A dart slug (D:2)
  32 orcs
  4 giant cockroaches
  7 hobgoblins
  5 jackals
  5 kobolds
  3 quokkas
  A ball python (D:3)
  11 bats
  13 frilled lizards
  7 goblins
  A quokka skeleton (D:5)
  6 rats
155 creatures vanquished.

Vanquished Creatures (others)
  An orc wizard (D:3)
  2 plants (D:4)
  2 withered plants (D:3)
5 creatures vanquished.

Grand Total: 160 creatures vanquished

Notes
Turn   | Place    | Note
-------+----------+-------------------------------------------
     0 | D:1      | Tirrikindir the Octopode Fighter began the quest for the
                  | Orb.
     0 | D:1      | Reached XP level 1. HP: 16/16 MP: 1/1
   313 | D:1      | Reached XP level 2. HP: 15/21 MP: 2/2
   319 | D:1      | Reached skill level 1 in Stealth
   752 | D:2      | Reached XP level 3. HP: 23/26 MP: 3/3
   993 | D:2      | Noticed Jessica
  1000 | D:2      | Killed Jessica
  1001 | D:2      | Reached XP level 4. HP: 14/31 MP: 4/4
  1872 | D:2      | Reached skill level 3 in Long Blades
  1964 | D:3      | Reached skill level 1 in Evocations
  2250 | D:3      | Reached XP level 5. HP: 27/36 MP: 5/5
  2400 | D:3      | Found a runed translucent gate.
  2401 | D:3      | Found a runed translucent gate.
  2401 | D:3      | Found a runed translucent gate.
  2402 | D:3      | Noticed Pepete's ghost (amateur TeCj)
  2403 | D:3      | Noticed Tirrikindir's ghost (amateur OpFi)
  2404 | D:3      | Noticed bigdumb's ghost (amateur SpTm)
  2404 | D:3      | Noticed oc3rt's ghost (amateur KoHu)
  2858 | D:3      | Reached XP level 6. HP: 21/43 MP: 6/6
  4087 | D:4      | Noticed Sigmund
  4096 | D:4      | Killed Sigmund
  4097 | D:4      | Reached skill level 4 in Long Blades
  4097 | D:4      | Reached XP level 7. HP: 43/48 MP: 7/7
  4208 | D:4      | Noticed Edmund
  4234 | D:4      | Killed Edmund
  4235 | D:4      | Reached skill level 5 in Long Blades
  4952 | D:4      | Reached skill level 6 in Long Blades
  5245 | D:4      | Reached XP level 8. HP: 41/54 MP: 8/8
  5333 | D:4      | Reached skill level 7 in Long Blades
  5714 | D:5      | Entered Level 5 of the Dungeon
  5789 | D:5      | Noticed Duvessa
  5792 | D:5      | Noticed Dowan
  5798 | D:5      | Killed Duvessa
  5805 | D:5      | Killed Dowan
  6082 | D:5      | Reached skill level 8 in Long Blades
  6876 | D:6      | Found Viadgh's Assorted Antiques.
  6883 | D:6      | Bought a scroll labelled QACSO BOM MEWEP for 26 gold pieces
  6883 | D:6      | Bought a glowing coppery potion for 23 gold pieces
  6883 | D:6      | Bought a lead wand for 104 gold pieces
  6886 | D:6      | Found Coiwkige's Magic Scroll Shoppe.
  6935 | D:6      | Reached skill level 1 in Throwing
  7008 | D:6      | Reached XP level 9. HP: 46/59 MP: 9/9
  7105 | D:6      | Found Akyag's Antique Weapon Emporium.
  7247 | D:6      | Reached skill level 5 in Dodging
  7247 | D:6      | Reached skill level 5 in Shields
  7260 | D:6      | Found a shimmering blue altar of Sif Muna.
  7270 | D:6      | Identified Sif Muna's Disquisition on Calling
  7272 | D:6      | Reached skill level 5 in Stealth
  7302 | D:6      | Found Watius's Armour Shoppe.
  7732 | D:7      | Slain by a gnoll

Illustrated notes

Levels and vault maps discovered:
D:1:      dpeg_arrival_concentric_ovals, layout_basic, minmay_lizard_pond
D:2:      layout_rooms, serial_co_window_serial, co_window_paths_a,
          co_window_paths_b, co_window_paths_a, co_window_paths_b,
          co_window_cross_1, co_window_corner_a, co_window_unsneaky_path_c,
          co_window_paths_c, co_window_paths_c, co_window_broadway_a,
          co_window_of_opportunity_c, uniq_jessica
D:3:      layout_basic, gammafunk_ghost_cemetery, grunt_ministairs_1,
          minivault_5
D:4:      minmay_chambers_of_fours, layout_loops_ring, serial_bayou_crossing,
          uniq_edmund, uniq_sigmund
D:5:      layout_cave_pods, uniq_duvessa
D:6:      layout_loops_ring, serial_shops, kennysheep_mini, shop_fountains,
          shop, nicolae_shop_crystal, minivault_4, hangedman_decor_points,
          mrwooster_statue_mirror, led_sif_book
D:7:      layout_cave_pools, minmay_temple_entry_mini_moons

Skill      XL: |  1  2  3  4  5  6  7  8  9 |
---------------+----------------------------+-----
Stealth        | 1 2 3 4 5 |  5.2
Long Blades    | 3 4 6 8 |  8.7
Evocations     | 1 2 3 |  3.1
Fighting       | 4 |  4.6
Dodging        | 4 5 |  5.2
Shields        | 4 5 |  5.2
Throwing       | 1 2 |  2.0

Action                   |  1- 3 |  4- 6 |  7- 9 || total
-------------------------+-------+-------+-------++-------
Melee: Long sword        |    43 |   116 |   163 ||   322
       Constrict         |     9 |    28 |    37 ||    74
       Tentacles         |     7 |    20 |    39 ||    66
Throw: Dart              |       |     5 |     1 ||     6
  Use: Scroll            |     4 |     7 |    10 ||    21
       Potion            |       |       |     6 ||     6
 Stab: Sleeping          |     3 |    11 |    18 ||    32
Armor: Skin              |     5 |     5 |     4 ||    14
Dodge: Dodged            |    22 |    42 |    61 ||   125
Block: Kite shield       |    14 |    53 |    58 ||   125
       Rpst.: Long sword |     6 |    14 |    24 ||    44
